 Dungeon Crawl Stone Soup version 0.17-a0-2122-g03d97ec (webtiles) character file.

3315 Duffy the Cleaver (level 10, 84/84 HPs)
             Began as a Hill Orc Berserker on Oct 21, 2015.
             Was an Elder of Trog.
             Quit the game on level 7 of the Dungeon.
             The game lasted 00:11:44 (8917 turns).

Duffy the Cleaver (Hill Orc Berserker)              Turns: 8917, Time: 00:11:44

Health: 84/84      AC: 21    Str: 21    XL:     10   Next: 1%
Magic:  10/10      EV:  7    Int:  8    God:    Trog [****..]
Gold:   489        SH:  0    Dex: 12    Spells: 0 memorised, 9 levels left

rFire  . . .     SeeInvis .     U - +14 plutonium sword {*Contam Stlth-}
rCold  . . .     Clarity  .     y - +2 plate armour {rN+}
rNeg   + . .     SustAt   .     (no shield)
rPois  .         Gourm    +     e - +1 hat
rElec  .         Spirit   .     V - +1 cloak {+Inv}
rCorr  .         Warding  .     (no gloves)
rMut   .         Stasis   .     f - +0 pair of boots
MR     .....                    N - amulet of the gourmand
Stlth  ..........               (no ring)
                                H - ring of loudness (curse)

@: not resistant to hostile enchantments, extremely unstealthy
A: no striking features
a: Berserk, Trog's Hand, Brothers in Arms, Burn Spellbooks, Renounce Religion,
Evoke Invisibility


You were on level 7 of the Dungeon.
You worshipped Trog.
Trog was greatly pleased with you.
You were very full.

You visited 1 branch of the dungeon, and saw 7 of its levels.
You also visited: Bailey.

You collected 489 gold pieces.


   Skills:
 - Level 6.9 Fighting
 + Level 1.9 Long Blades
   Level 12.0 Axes
 + Level 10.1 Armour
 - Level 1.5 Dodging


You had 9 spell levels left.
You didn't know any spells.

Inventory:

Hand Weapons
 U - the +14 plutonium sword (weapon) {*Contam Stlth-}

   It causes magical contamination when unequipped.
   It makes you less stealthy.
Missiles
 g - 349 stones (quivered)
 r - a throwing net
 x - 47 arrows
 M - 21 steel sling bullets
 O - 16 poisoned needles
 S - 6 tomahawks
Armour
 e - a +1 hat (worn)
 f - a +0 pair of boots (worn)
 y - a +2 plate armour of positive energy (worn)
 F - a +0 cloak
 T - a +2 ice dragon armour
 V - a +1 cloak of invisibility (worn)
Jewellery
 b - an uncursed amulet of resist corrosion
 H - a cursed ring of loudness (left hand)
 N - an amulet of the gourmand (around neck)
Wands
 A - a wand of random effects (22)
 D - a wand of disintegration (2)
 P - a wand of teleportation (1)
 Q - a wand of disintegration (14)
 R - a wand of digging (15)
Scrolls
 k - a scroll of enchant weapon {unknown}
 l - 5 scrolls of fog {unknown}
 m - a scroll of blinking {unknown}
 n - 7 scrolls of enchant armour {unknown}
 p - a scroll of immolation {unknown}
 q - 3 scrolls of remove curse {unknown}
 u - 6 scrolls of identify {unknown}
 v - 3 scrolls of teleportation {unknown}
 B - 2 scrolls of fear {unknown}
 I - a scroll of noise {unknown}
Potions
 a - a potion of poison {unknown}
 d - a potion of brilliance {unknown}
 h - 2 potions of flight {unknown}
 i - a potion of might {unknown}
 j - a potion of mutation {unknown}
 o - a potion of haste {unknown}
 s - 2 potions of agility {unknown}
 t - a potion of magic {unknown}
 w - a potion of cure mutation {unknown}
 z - a potion of invisibility {unknown}
 E - a potion of cancellation {unknown}
 J - 2 potions of heal wounds {unknown}
 L - a potion of curing {unknown}
Comestibles
 c - 5 bread rations
 C - a royal jelly
 G - 2 slices of pizza
 K - 15 fruits
 W - a meat ration

Dungeon Overview and Level Annotations

Branches:
Dungeon (7/15)             Temple (0/1) D:6

Altars:
Fedhas
Qazlal
Ru
Trog
The Shining One


Message History

n - 7 scrolls labeled KUCUILIUHI (gained 1)
You feel yourself speed up.
You feel less exhausted.
You open the door.
Found a glowing golden altar of the Shining One.
You found an alarm trap!
An ooze comes into view.
You see here a yellow potion.
You see here 16 gold pieces.
The ooze hits you but does no damage.
You slice the ooze!!
You kill the ooze!
Trog accepts your kill.
No target in view!
No target in view!
No target in view!
No target in view!
No target in view!
No target in view!
No target in view!
No target in view!
No target in view!
No target in view!
No target in view!
No target in view!
You now have 489 gold pieces (gained 16).
a - a yellow potion You found a teleport trap!
W - a meat ration
Found a chain mail.
You see here a chain mail.
You see here a flail.
X - a book of Transfigurations You drop a book of Transfigurations.
Are you sure you want to abandon this character and quit the game? (Confirm with "yes".)

##.##
##.....###..#
#..# #..####
#..# ##.##
#### #..#
##.# #..#
#.## #..#
##.## # #..#
#..###.# #.##
##.....# ##.#
#..@.### #..#
###.## #..#
### ##.# ###


There were no monsters in sight!

Action                   |  1- 3 |  4- 6 |  7- 9 | 10-12 || total
-------------------------+-------+-------+-------+-------++-------
Melee: Hand axe          |    58 |   244 |   587 |       ||   889
       Triple sword      |       |       |    11 |     5 ||    16
Invok: Berserk           |     1 |       |    14 |       ||    15
  Eat: Chunk             |     1 |     7 |    36 |       ||    44
       Fruit             |       |     2 |     6 |       ||     8

Notes
Turn   | Place    | Note
--------------------------------------------------------------
     0 | D:1      | Duffy the Hill Orc Berserker began the quest for the Orb.
     0 | D:1      | Reached XP level 1. HP: 19/19 MP: 1/1
     3 | D:1      | Noticed an electric eel
     3 | D:1      | Noticed an electric eel
   223 | D:1      | Reached XP level 2. HP: 26/26 MP: 2/2
   742 | D:2      | Reached skill level 5 in Axes
   744 | D:2      | Reached XP level 3. HP: 31/31 MP: 3/3
   854 | D:2      | Reached ** piety under Trog
   958 | D:2      | Found a bloodstained altar of Trog.
   972 | D:2      | Reached skill level 3 in Armour
   972 | D:2      | Reached XP level 4. HP: 39/39 MP: 4/4
  1144 | D:2      | Reached skill level 6 in Axes
  1470 | D:2      | Reached XP level 5. HP: 41/45 MP: 5/5
  1589 | D:3      | Reached skill level 4 in Armour
  1863 | D:3      | Found a stormy altar of Qazlal.
  2066 | D:3      | Noticed Jessica
  2070 | D:3      | Killed Jessica
  2187 | D:3      | Reached *** piety under Trog
  2748 | D:4      | Reached skill level 7 in Axes
  2748 | D:4      | Reached XP level 6. HP: 36/51 MP: 6/6
  3042 | D:4      | Reached skill level 5 in Armour
  3304 | D:5      | Entered Level 5 of the Dungeon
  3503 | D:5      | Reached XP level 7. HP: 15/57 MP: 7/7
  3535 | D:5      | Reached skill level 8 in Axes
  3862 | D:5      | Reached skill level 6 in Armour
  4385 | D:5      | Reached skill level 9 in Axes
  4655 | D:5      | Found a blossoming altar of Fedhas.
  4674 | D:5      | Noticed an oklob plant
  4747 | D:5      | Killed an oklob plant
  4747 | D:5      | Reached skill level 4 in Fighting
  4747 | D:5      | Reached skill level 7 in Armour
  4747 | D:5      | Reached XP level 8. HP: 53/67 MP: 8/8
  5040 | D:5      | Reached skill level 10 in Axes
  5270 | D:5      | Found a sacrificial altar of Ru.
  5588 | D:6      | Reached skill level 5 in Fighting
  5588 | D:6      | Reached skill level 8 in Armour
  5945 | D:6      | Reached XP level 9. HP: 74/74 MP: 9/9
  6022 | D:6      | Reached skill level 11 in Axes
  6523 | D:6      | Reached skill level 9 in Armour
  6570 | D:6      | Reached skill level 6 in Fighting
  6816 | D:6      | Reached **** piety under Trog
  6839 | D:6      | Found a staircase to the Ecumenical Temple.
  7112 | D:7      | Found a flagged portal.
  7350 | Bailey   | Entered a bailey
  7526 | Bailey   | Reached skill level 12 in Axes
  7863 | Bailey   | Noticed an orc knight
  7863 | Bailey   | Noticed an orc knight
  7863 | Bailey   | Noticed an orc knight
  8766 | D:7      | Reached skill level 10 in Armour
  8789 | D:7      | Reached skill level 1 in Long Blades
  8799 | D:7      | Reached XP level 10. HP: 84/84 MP: 10/10
  8828 | D:7      | Found a glowing golden altar of the Shining One.
  8917 | D:7      | Quit the game

Vault maps used:
D:1:      arrival_aquarium_b, st_stairs_1
D:2:      lemuel_statue_altar
D:3:      grunt_qazlal_sundering, uniq_jessica
D:4:      first_bread
D:5:      tgw_fedhas, nicolae_ru_path_of_blood
D:6:      minmay_temple_entry_fiery, hangedman_abyss_or_decor_lesser_grid,
          kennysheep_generic_room_6
D:7:      tso_oasis_becter, enter_bailey_2, serial_shops, shop_fountains
Bailey:   bailey_polearm_1, bailey

Vanquished Creatures
  An oklob plant
  A hippogriff
  2 sky beasts
  5 orc warriors
  An ice beast
  A black bear
  4 ogres
  4 giant frogs
  2 scorpions
  3 jellies
  3 killer bees
  A giant frog zombie
  4 crimson imps
  3 centaur zombies
  An iguana
  2 hounds
  An orc wizard
  3 worker ants
  A gnoll shaman Jessica
  A hound zombie
  A worker ant zombie
  7 adders
  19 gnolls
  A shadow imp
  3 oozes
  An adder skeleton
  2 worms
  33 orcs
  5 bats
  4 giant cockroaches
  7 hobgoblins
  5 jackals
  3 quokkas
  2 ball pythons
  4 giant geckos
  2 giant newts
  4 goblins
  10 kobolds
  9 rats
  5 fungi
172 creatures vanquished.
